 Dungeon Crawl Stone Soup version 0.18-a0-337-g1235303 (webtiles) character file.

51 FishmanTm the Changer (level 3, -1/29 HPs)
             Began as a Merfolk Transmuter on Nov 29, 2015.
             Was an Initiate of Cheibriados.
             Slain by FishmanTm's ghost (8 damage)
             ... on level 3 of the Dungeon.
             The game lasted 00:04:46 (2245 turns).

FishmanTm the Changer (Merfolk Transmuter)          Turns: 2245, Time: 00:04:46

Health: -1/29      AC:  2    Str: 11    XL:     3   Next: 81%
Magic:  1/6        EV: 21    Int: 14    God:    Cheibriados [......]
Gold:   136        SH:  0    Dex: 20    Spells: 3 memorised, 0 levels left

rFire  . . .     SeeInvis .       - Unarmed
rCold  . . .     Clarity  .     (armour currently unavailable)
rNeg   . . .     SustAt   .     (shield currently unavailable)
rPois  x         Gourm    .     (helmet currently unavailable)
rElec  .         Spirit   .     (cloak currently unavailable)
rCorr  .         Warding  .     (gloves currently unavailable)
rMut   .         Stasis   .     (boots currently unavailable)
MR     .....                    (no amulet)
Stlth  ++........               (no ring)
                                (no ring)

@: spider-form, very slow, not resistant to hostile enchantments, unstealthy
A: (change form in water), (swift swim)
a: End Transformation, Bend Time, Renounce Religion


You were on level 3 of the Dungeon.
You worshipped Cheibriados.
Cheibriados was noncommittal.
You were very hungry.
You were a venomous arachnid creature.
You visited 1 branch of the dungeon, and saw 4 of its levels.

You collected 136 gold pieces.

Inventory:

Missiles
 a - 42 arrows
Armour
 b - a +0 robe (melded)
 l - a +0 cloak (melded)
Jewellery
 s - an uncursed ring of flight
Scrolls
 e - a scroll of recharging
 f - a scroll of noise {unknown}
 j - 2 scrolls of identify
 k - a scroll of enchant armour {unknown}
 n - a scroll of fear {unknown}
 u - a scroll of amnesia {unknown}
Potions
 h - 2 potions of brilliance {unknown}
 i - a potion of heal wounds {unknown}
 q - 2 potions of haste {unknown}
 t - a potion of degeneration {unknown}
Books
 c - a book of Changes

   Spells                             Type                      Level
   a - Beastly Appendage              Transmutation                1
   b - Sticks to Snakes               Transmutation                2
   c - Spider Form                    Transmutation/Poison         3
   d - Ice Form                       Ice/Transmutation            4
   e - Blade Hands                    Transmutation                5
Comestibles
 d - a bread ration
 p - 3 fruits


   Skills:
 - Level 3.0 Fighting
 - Level 2.6 Dodging
 - Level 3.2 Unarmed Combat
 - Level 2.0 Spellcasting
 + Level 3.6 Transmutations
 + Level 0.9 Invocations


You couldn't memorise any spells.
You knew the following spells:

 Your Spells              Type           Power        Failure   Level  Hunger
a - Beastly Appendage     Trmt           ##....       17%         1    ##.....
b - Sticks to Snakes      Trmt           ##......     24%         2    ###....
c - Spider Form           Trmt/Pois      #.........   61%         3    ####...


Dungeon Overview and Level Annotations

Branches:
Dungeon (4/15)
 Temple: D:4-7

Altars:
Ashenzari
Cheibriados
Kikubaaqudgha
Qazlal

Annotations:
D:3 FishmanTm's ghost, amateur MfTm


Message History

Confirm with . or Enter, or press ? or * to list all spells.
You turn into a venomous arachnid creature.
Your +0 cloak melds into your body.
Your +0 robe melds into your body.
You are feeling very hungry.
FishmanTm's ghost closely misses you.
Unknown command.
You closely miss FishmanTm's ghost.
FishmanTm's ghost is heavily damaged.
FishmanTm's ghost hits you.
You hit FishmanTm's ghost but do no damage.
FishmanTm's ghost is heavily damaged.
FishmanTm's ghost misses you.
You barely miss FishmanTm's ghost.
FishmanTm's ghost is heavily damaged.
FishmanTm's ghost hits you.
* * * LOW HITPOINT WARNING * * *
You bite FishmanTm's ghost!
FishmanTm's ghost is severely damaged.
FishmanTm's ghost hits you!
You die...

.....#.#......##.#
####.#.#.####.##.#
#....#.# #.##)#
#.####.####.#.##.#
#...........#)##.#
#############.##.###
...................#
##########.....#.#.#
#######s#.# #W#.#
#.#.# #.#.# #....
..#.# ###


You could see FishmanTm's ghost.

Vanquished Creatures
  A hound skeleton (D:3)
  2 worms (D:2)
  4 bats
  3 giant cockroaches
  6 goblins
  4 hobgoblins
  A quokka (D:2)
  A ball python (D:1)
  3 giant newts
  2 jackals (D:3)
  2 kobolds
  6 rats
35 creatures vanquished.

Notes
Turn   | Place    | Note
--------------------------------------------------------------
     0 | D:1      | FishmanTm the Merfolk Transmuter began the quest for the Orb.
     0 | D:1      | Reached XP level 1. HP: 15/15 MP: 3/3
   275 | D:1      | Reached XP level 2. HP: 19/22 MP: 3/5
   723 | D:1      | Learned a level 2 spell: Sticks to Snakes
  1096 | D:2      | Found a faded altar to an unknown god.
  1162 | D:2      | Reached XP level 3. HP: 26/29 MP: 6/6
  1167 | D:2      | Learned a level 3 spell: Spider Form
  1661 | D:2      | Found a stormy altar of Qazlal.
  1662 | D:2      | Found an ancient bone altar of Kikubaaqudgha.
  1816 | D:3      | Found a shattered altar of Ashenzari.
  1816 | D:3      | Found a snail-covered altar of Cheibriados.
  1845 | D:3      | Became a worshipper of Cheibriados the Contemplative
  2020 | D:3      | Noticed FishmanTm's ghost (amateur MfTm)
  2245 | D:3      | Slain by FishmanTm's ghost

Vault maps used:
D:1:      minmay_arrival_wavy_path, serial_forest, infiniplex_forest_zigzag_2,
          infiniplex_forest_clump_small, infiniplex_forest_diagonal,
          infiniplex_forest_straight_3, infiniplex_forest_lined_1,
          infiniplex_forest_lined_2, infiniplex_forest_join,
          infiniplex_forest_clump_medium, infiniplex_forest_lined_3,
          glass_columns_a
D:2:      gammafunk_temple_overflow_statue, ecumenical_altar_2,
          nrook_loot_triangle
D:3:      grunt_temple_overflow_open, roderic_lattice_a
D:4:      first_bread, uniq_crazy_yiuf_cottage

Action                   || total
-------------------------++-------
Melee: Unarmed           ||   148
 Cast: Beastly Appendage ||    27
       Sticks to Snakes  ||     3
       Spider Form       ||     2
  Use: Scroll            ||     6
  Eat: Chunk             ||     5
